 Dungeon Crawl Stone Soup version 0.20-a0-923-g548304e (webtiles) character file.

163 HeyBub the Slasher (level 5, -1/47 HPs)
             Began as a Minotaur Monk on Mar 26, 2017.
             Was a Priest of Ru.
             Slain by a gnoll
             ... wielding a +0 halberd
              (7 damage)
             ... on level 3 of the Dungeon.
             The game lasted 00:02:32 (1971 turns).

HeyBub the Slasher (Minotaur Monk)                  Turns: 1971, Time: 00:02:32

Health: -1/47      AC:  9    Str: 20 (21) XL:     5   Next: 20%
Magic:  4/4        EV: 13    Int:  5 (7)  God:    Ru [***...]
Gold:   82         SH:  0    Dex: 11 (13) Spells: 4/4 levels left

rFire    + . .     SeeInvis .   q - +3 long sword (protect)
rCold    x . .     Gourm    .   (shield unavailable)
rNeg     . . .     Faith    .   p - +0 robe (curse)
rPois    .         Spirit   .   (helmet restricted)
rElec    .         Reflect  .   (no cloak)
rCorr    .         Harm     .   (no gloves)
MR       .....                  (no boots)
Stlth    ++........             (no amulet)
Regen    0.2/turn               (ring unavailable)
MPRegen  0.1/turn               l - ring of fire

@: mighty, protection aura, flying
A: retaliatory headbutt, horns 2, missing a hand
a: Draw Out Power, Renounce Religion


You were on level 3 of the Dungeon.
You worshipped Ru.
Ru was most pleased with you.
You were not hungry.

You visited 1 branch of the dungeon, and saw 3 of its levels.

You collected 82 gold pieces.

Inventory:

Hand Weapons
 a - a +0 falchion
 q - a +3 long sword of protection (weapon)
Armour
 b - a +0 robe
 p - a cursed +0 robe (worn)
Jewellery
 l - a ring of fire (right hand)
Wands
 t - a wand of confusion (26/48)
Scrolls
 d - a scroll of magic mapping {unknown}
 e - 3 scrolls of enchant weapon {unknown}
 f - 2 scrolls of remove curse {unknown}
 g - 2 scrolls of fear {unknown}
 m - a scroll of noise {unknown}
 n - 2 scrolls of teleportation {unknown}
 o - a scroll of recharging {unknown}
Potions
 s - a potion of ambrosia {unknown}
Comestibles
 c - 3 bread rations
 h - 2 royal jellies


   Skills:
 + Level 4.5 Fighting
 * Level 5.7 Long Blades
 + Level 4.1 Dodging
 + Level 2.0 Stealth


You had 4 spell levels left.
You didn't know any spells.

Dungeon Overview and Level Annotations

Branches:
Dungeon (3/15)

Altars:
Ru


Innate Abilities, Weirdness & Mutations

You reflexively headbutt those who attack you in melee.
You have a pair of horns on your head.
You are missing a hand.


Message History

The gnoll hits you but does no damage. The gnoll barely misses you.
You slash the gnoll!
You kill the gnoll!
The gnoll closely misses you.
You barely miss the orc. You headbutt the orc.
You kill the orc!
The gnoll barely misses you. The orc barely misses you.
The gnoll barely misses you.
You closely miss the orc. Your headbutt misses the orc. The orc hits you.
* * * LOW HITPOINT WARNING * * *
You hit the orc.
Your weapon exudes an aura of protection.
The orc is severely wounded.
The gnoll misses you. The orc hits you.
* * * LOW HITPOINT WARNING * * *
You slash the orc!
You kill the orc!
The gnoll closely misses you. The gnoll hits you with a halberd!
You die...

#...........!.#
........$.....# #..
..............# ...
..............# #.#
..............# #.#
.... ..............#
#.# #...#
...........w..###.#
#...#
..#########+#.g.#.#
#...# ..
##@##.####.<.#
#.#.....#...# #
#.##.#..>..#...#.#
#....#<....'.....#.#
#####......#.......##
#.######.######.#
#.#.........†.#.#
#.#.####.####.#.#
#.#.#.......#.#.#


You could see a worm and a gnoll.

Vanquished Creatures
  An orc wizard (D:3)
  5 gnolls (D:3)
  4 adders
  3 orcs (D:3)
  4 bats
  5 giant cockroaches
  4 goblins
  6 hobgoblins
  3 jackals (D:2)
  5 kobolds
  A quokka (D:2)
  3 frilled lizards
  8 rats
52 creatures vanquished.

Notes
Turn   | Place    | Note
-------+----------+-------------------------------------------
     0 | D:1      | HeyBub the Minotaur Monk began the quest for the Orb.
     0 | D:1      | Reached XP level 1. HP: 19/19 MP: 0/0
   523 | D:1      | Reached skill level 4 in Long Blades
   527 | D:1      | Reached XP level 2. HP: 27/27 MP: 1/1
   931 | D:2      | Reached XP level 3. HP: 16/33 MP: 2/2
  1669 | D:2      | Reached XP level 4. HP: 37/40 MP: 3/3
  1825 | D:3      | Found a sacrificial altar of Ru.
  1839 | D:3      | Reached skill level 5 in Long Blades
  1848 | D:3      | Became a worshipper of Ru the Awakened
  1858 | D:3      | Gained mutation: You are missing a hand. [Ru sacrifice]
  1858 | D:3      | Reached * piety under Ru
  1858 | D:3      | Reached ** piety under Ru
  1858 | D:3      | Reached *** piety under Ru
  1955 | D:3      | HP: 2/41 [gnoll/halberd (17)]
  1961 | D:3      | Reached XP level 5. HP: 7/47 MP: 4/4
  1971 | D:3      | Slain by a gnoll

Vault maps used:
D:1:      minmay_arrival_solitary_statue
D:3:      nicolae_ru_sacrificial_ziggurat, first_bread, okawaru_gym_becter

Skill      XL: |  1  2  3  4 |
---------------+-------------+-----
Long Blades    | 4 5 |  5.7
Fighting       | 4 |  4.5
Dodging        | 4 |  4.1
Stealth        | 2 |  2.0

Action                   |  1- 3 |  4- 6 || total
-------------------------+-------+-------++-------
Melee: Falchion          |    52 |       ||    52
       Headbutt          |    17 |     2 ||    19
       Long sword        |    20 |    26 ||    46
Invok: Sacrifice a Hand  |       |     1 ||     1
  Use: Potion            |       |     4 ||     4
 Stab: Sleeping          |     2 |     2 ||     4
  Eat: Chunk             |     2 |     1 ||     3
Armor: Robe              |    25 |     7 ||    32
Dodge: Dodged            |    57 |    24 ||    81
       Rpst.: Falchion   |    12 |       ||    12
       Long sword        |     2 |     5 ||     7
